 Dungeon Crawl Stone Soup version 0.30-a0-918-g0ff054e9dc (webtiles) character file.

Game seed: 5416881054972808693

31527 Pimp the Impaler (level 13, -2/104 HPs)
             Began as a Merfolk Gladiator on Mar 20, 2023.
             Was an Initiate of Gozag.
             Killed from afar by Azrael (17 damage)
             ... with a fireball
             ... on level 1 of the Orcish Mines.
             The game lasted 00:56:42 (13591 turns).

Pimp the Impaler (Merfolk Gladiator)               Turns: 13591, Time: 00:56:43

Health: -2/104     AC: 21    Str: 18    XL:     13   Next: 58%
Magic:  17/17      EV: 21    Int:  8    God:    Gozag
Gold:   2988       SH:  0    Dex: 16    Spells: 15/18 levels left

rFire   + . .      SeeInvis .    i - +7 scythe (vamp)
rCold   + . .      Faith    .    (shield currently unavailable)
rNeg    . . .      Spirit   .    W - +4 scale mail {rPois}
rPois   +          Reflect  .    U - +0 hat {Stlth+}
rElec   +          Rampage  .    y - +2 cloak
rCorr   +                        o - +2 pair of gloves
Will    +....                    Q - +0 pair of boots
Stlth   +                        n - amulet of regeneration
HPRegen 1.17/turn                k - ring of willpower
MPRegen 0.15/turn                P - +5 ring of evasion

@: mighty, resistant
A: (nimble swimmer 2), mertail, iridescent scales 1
a: Renounce Religion, Potion Petition, Call Merchant, Bribe Branch


You were on level 1 of the Orcish Mines.
You worshipped Gozag.
Gozag was most pleased with you.
You visited 4 branches of the dungeon, and saw 17 of its levels.
You also visited: Ossuary.

You collected 3133 gold pieces.
You paid 145 gold pieces to Gozag.

Inventory:

Hand Weapons
 a - a +1 trident
 i - a +7 vampiric scythe (weapon)
 u - a +2 halberd of venom
Missiles
 d - 4 throwing nets (quivered)
 e - a javelin
 w - 2 silver boomerangs
 V - 4 silver javelins
Armour
 o - a +2 pair of gloves (worn)
 x - a +0 kite shield
 y - a +2 cloak (worn)
 N - a +2 leather armour of willpower
 Q - a +0 pair of boots (worn)
 U - a +0 hat of stealth (worn)
 W - a +4 scale mail of poison resistance (worn)
Magical Staves
 F - the staff of air "Radall" {rElec rPois}
   (You found it on level 6 of the Dungeon)

   [staff of air]

   Base accuracy: +5 Base damage: 5 Base attack delay: 1.2 This weapon's minimum
   attack delay (0.6) is reached at skill level 12.
   It falls into the 'Staves' category.
   It is a one-handed weapon.
Jewellery
 k - a ring of willpower (left hand)
 n - an amulet of regeneration (around neck)
 z - a ring of positive energy
 P - a +5 ring of evasion (right hand)
 S - a ring of willpower
Wands
 C - a wand of digging (18)
 M - a wand of charming (22)
 O - a wand of roots (3)
 R - a wand of polymorph (2)
Scrolls
 f - 2 scrolls of poison
 m - 7 scrolls of teleportation
 t - 2 scrolls of immolation
 D - a scroll of fog
 E - 2 scrolls of identify
 G - a scroll of vulnerability
 J - 3 scrolls of magic mapping
Potions
 h - 4 potions of curing
 l - a potion of mutation
 r - 4 potions of lignification
 A - 2 potions of cancellation
 B - 2 potions of brilliance
 I - a potion of ambrosia
Miscellaneous
 L - a condenser vane


   Skills:
 + Level 10.7 Fighting
 - Level 16.0 Polearms
 - Level 9.6 Throwing
 + Level 5.8 Armour
 * Level 13.2 Dodging
 + Level 3.2 Spellcasting
 * Level 5.4 Transmutations
 * Level 4.5 Poison Magic
 + Level 1.0 Evocations


You had 15 spell levels left.
You knew the following spells:

 Your Spells              Type           Power      Damage    Failure   Level
a - Ignite Poison         Fire/Tmut/Pois 6%         N/A       56%         3

Your spell library contained the following spells:

 Spells                   Type           Power      Damage    Failure   Level
 Cigotuvi's Dreadful Rot  Necr/Pois/Air  6%         N/A       58%         2
 Kiss of Death            Conj/Necr      4%         2d5       67%         1
 Shock                    Conj/Air       4%         1d3       67%         1
 Scorch                   Fire           2%         2d5       80%         2
 Call Canine Familiar     Summ           1%         N/A       95%         3
 Confusing Touch          Hex            1%         N/A       95%         3
 Hailstorm                Conj/Ice       1%         3d3       95%         3
 Kindle Blastsparks       Fire/Tloc/Air  2%         2d10      95%         3
 Portal Projectile        Hex/Tloc       2%         N/A       95%         3
 Swiftness                Air            1%         N/A       95%         3
 Ice Form                 Ice/Tmut       5%         N/A       96%         4
 Airstrike                Air            0%         2d(1-17)  100%        4
 Dispel Undead            Necr           1%         3d6       100%        4
 Flame Wave               Conj/Fire      1%         2d4       100%        4
 Leda's Liquefaction      Hex/Erth       0%         N/A       100%        4
 Freezing Cloud           Conj/Ice/Air   0%         6-21      100%        5
 Death Channel            Necr           0%         N/A       100%        6
 Summon Cactus Giant      Summ           0%         N/A       100%        6
 Simulacrum               Ice/Necr       Unusable   N/A       N/A         6

Dungeon Overview and Level Annotations

Branches:
Dungeon (9/15)             Temple (1/1) D:7            Lair (5/5) D:8
  Swamp (0/4) Lair:2        Snake (0/4) Lair:2          Orc (2/2) D:9
Ossuary (visited)
  Slime: Lair:4-5       Elf: Orc:2

Altars:
Ashenzari
Cheibriados
Dithmenos
Elyvilon
Fedhas
Gozag
Kikubaaqudgha
Makhleb
Okawaru
Qazlal
Uskayaw
Wu Jian
Xom
Yredelemnul
Zin
The Shining One

Shops:
D:9 *   Orc:1 :

Annotations:
Lair:2 3 runed translucent doors, Juicyj's ghost, journeyman FoGl
Orc:1 Azrael


Innate Abilities, Weirdness & Mutations

((You are very nimble when in or above water. (Stealth+, EV+, Speed+++)))
Your lower body shifts to a powerful aquatic tail in water.
You are partially covered in iridescent scales. (AC +2)


Message History

The sticky flame misses you.
You barely miss Azrael.
Azrael is lightly wounded.
Azrael gestures at you.
The sphere of damnation explodes!
The damnation engulfs you!
The damnation engulfs Azrael.
Azrael completely resists.
You impale Azrael!!
Azrael is moderately wounded.
You puncture Azrael!
Azrael is heavily wounded.
Azrael closely misses you.
You puncture Azrael!
Azrael is heavily wounded.
Azrael screams, "Burn!
Burn!
All of it must BURN!"
Azrael gestures at you.
The sphere of damnation explodes!
The damnation engulfs you!!!
The damnation engulfs Azrael.
Azrael completely resists.
You hit Azrael but do no damage.
Azrael is heavily wounded.
Azrael gestures at you.
The sphere of damnation explodes!
The damnation engulfs you!!
* * * LOW HITPOINT WARNING * * *
The damnation engulfs Azrael.
Azrael completely resists.
Okay, then.
You feel protected. Azrael misses you.
You feel better.
Azrael hits you with a +2 scimitar of flaming!
* * * LOW HITPOINT WARNING * * *
Azrael burns you.
* * * LOW HITPOINT WARNING * * *
Okay, then.
Unknown command.
You barely miss Azrael.
Azrael is heavily wounded.
You feel very mighty all of a sudden. Azrael gestures at you.
The fireball explodes!
The fireball engulfs you! You resist.
You die...
Your body crumbles into a pile of gold.

.......###....##......###
#....####....###.#...##
.#..#####.......###.##
.#..##.........####.#
.#####...###......#.#
..##.......####..#.##
.####...............# ##
##.........#.#.##
####.....#R@)##
#.....##.## #.#...####
###..## ####


You could see Azrael.

Vanquished Creatures
  Jorgrun (Orc:1)
  Gastronok (Orc:1)
  Urug (Orc:1)
  Nergalle (Lair:3)
  3 orc high priests
  Amaemon (D:8)
  A skyshark (Lair:1)
  A bog body (Lair:2)
  An orc knight (Orc:1)
  An orc sorcerer (Orc:2)
  An elephant (Lair:5)
  3 black mambas
  An orange demon (Lair:1)
  8 cane toads
  2 unseen horror zombies (D:8)
  2 rime drakes (Lair:5)
  5 komodo dragons
  5 trolls
  A hornet (D:6)
  Prince Ribbit (D:6)
  A dream sheep (Lair:4)
  8 blink frogs (Lair:3)
  Sigmund (D:4)
  A shadow (D:9)
  Eustachio (D:5)
  A wyvern (D:9)
  A fire elemental (Orc:1)
  3 basilisks
  14 yaks
  A wraith (Ossuary)
  2 wargs
  5 nagas (Lair:2)
  13 water moccasins
  3 hell hounds (Orc:1)
  Duvessa (D:5)
  2 ice beasts (D:6)
  13 orc warriors
  3 black bears (D:6)
  A sky beast (D:6)
  An ogre (Orc:1)
  8 wolves
  A centaur (D:7)
  5 phantoms
  3 kobold brigands
  12 bullfrogs
  4 scorpions
  A wight (D:6)
  Dowan (D:5)
  5 killer bees (D:9)
  An electric eel (Lair:3)
  5 howler monkeys
  A centaur zombie (D:8)
  A gnoll bouda (D:5)
  21 orc priests
  5 hounds
  5 iguanas
  16 orc wizards
  Natasha (thrice) (D:3)
  7 hell rats (Lair:1)
  2 killer bee zombies (D:8)
  A mummy (Ossuary)
  3 howler monkey zombies (D:8)
  9 adders
  10 gnolls
  A shadow imp (D:6)
  2 white imps
  A worm (D:4)
  3 dart slugs
  58 orcs
  5 ball pythons
  4 bats
  5 endoplasms
  2 giant cockroaches
  6 hobgoblins
  19 kobolds
  3 quokkas
  3 frilled lizards (D:1)
  7 gnoll skeletons (Ossuary)
  6 goblins
  5 kobold skeletons (Ossuary)
  13 orc skeletons (Ossuary)
  7 rats
397 creatures vanquished.

Vanquished Creatures (collateral kills)
  A two-headed ogre (D:9)
  Psyche (D:8)
  6 dream sheep (Lair:4)
  An orc warrior (D:8)
  A bullfrog (D:8)
  2 howler monkeys (D:8)
  An orc priest (D:9)
  A sleepcap (D:8)
  13 orcs (D:9)
27 creatures vanquished.

Vanquished Creatures (others)
  12 fungi
  28 plants
40 creatures vanquished.

Grand Total: 464 creatures vanquished

Notes
Turn   | Place    | Note
-------+----------+-------------------------------------------
     0 | D:1      | Pimp the Merfolk Gladiator began the quest for the Orb.
     0 | D:1      | Reached XP level 1. HP: 16/16 MP: 1/1
   161 | D:1      | Reached XP level 2. HP: 22/23 MP: 2/2
   794 | D:2      | Reached XP level 3. HP: 28/28 MP: 3/3
   923 | D:2      | Found an ancient bone altar of Kikubaaqudgha.
  1033 | D:2      | Found a faded altar of an unknown god.
  1533 | D:3      | Noticed Natasha
  1545 | D:3      | Killed Natasha
  1546 | D:3      | Reached skill level 5 in Polearms
  1546 | D:3      | Reached XP level 4. HP: 20/34 MP: 4/4
  1581 | D:3      | Found a shimmering altar of Xom.
  1584 | D:3      | Noticed an angel
  1587 | D:3      | Found a glowing silver altar of Zin.
  1654 | D:3      | Noticed Natasha
  1702 | D:3      | Killed Natasha
  1703 | D:3      | Reached XP level 5. HP: 26/41 MP: 5/5
  1866 | D:3      | Noticed Natasha
  1873 | D:3      | Killed Natasha
  1874 | D:3      | Reached skill level 5 in Dodging
  2157 | D:4      | Noticed Sigmund
  2174 | D:4      | Killed Sigmund
  2175 | D:4      | Reached skill level 6 in Polearms
  2175 | D:4      | Reached XP level 6. HP: 44/48 MP: 6/6
  2178 | D:4      | You fall into a shaft and drop 2 floors!
  2239 | D:5      | Entered Level 5 of the Dungeon
  2251 | D:4      | Found a sand-covered staircase.
  2265 | Ossuary  | Entered an ossuary
  2265 | Ossuary  | Noticed a wraith
  2265 | Ossuary  | Noticed a wraith
  2265 | Ossuary  | Noticed a wraith
  2322 | Ossuary  | Noticed a wraith
  2348 | Ossuary  | Killed a wraith
  2349 | Ossuary  | Reached skill level 7 in Polearms
  2349 | Ossuary  | Reached XP level 7. HP: 33/54 MP: 7/7
  2822 | D:4      | Found a hide-covered altar of Uskayaw.
  3128 | D:5      | Found a white marble altar of Elyvilon.
  3129 | D:5      | Found a snail-covered altar of Cheibriados.
  3187 | D:5      | Noticed Eustachio
  3222 | D:5      | Reached skill level 8 in Polearms
  3269 | D:5      | Killed Eustachio
  3270 | D:5      | Reached XP level 8. HP: 37/61 MP: 8/8
  3314 | D:5      | Noticed Duvessa
  3325 | D:5      | Killed Duvessa
  3328 | D:5      | Noticed Dowan
  3338 | D:5      | Killed Dowan
  3339 | D:5      | Reached skill level 5 in Fighting
  3352 | D:5      | Reached skill level 9 in Polearms
  3570 | D:5      | Found an ancient bone altar of Kikubaaqudgha.
  3886 | D:6      | Reached skill level 5 in Throwing
  3909 | D:6      | Identified the staff of air "Radall" {rElec rPois}
  3948 | D:6      | Reached skill level 10 in Polearms
  3948 | D:6      | Reached XP level 9. HP: 66/69 MP: 9/9
  4210 | D:6      | Noticed Prince Ribbit
  4221 | D:6      | Killed Prince Ribbit
  4251 | D:6      | Reached skill level 11 in Polearms
  4321 | D:6      | Noticed a hornet
  4329 | D:6      | Killed a hornet
  4598 | D:6      | Noticed a troll
  4665 | D:6      | Reached skill level 1 in Armour
  4847 | D:6      | Killed a troll
  4848 | D:6      | Reached XP level 10. HP: 66/79 MP: 10/10
  4950 | D:7      | Reached skill level 12 in Polearms
  5342 | D:7      | Found a blossoming altar of Fedhas.
  5695 | D:7      | Found a staircase to the Ecumenical Temple.
  5718 | Temple   | Entered the Ecumenical Temple
  5724 | Temple   | Became a worshipper of Gozag Ym Sagoz the Greedy
  5823 | D:8      | Noticed Psyche
  5834 | D:8      | Killed Psyche
  5915 | D:8      | Gained mutation: You are partially covered in iridescent
                  | scales. (AC +2) [potion of mutation]
  5931 | D:8      | Found a basalt altar of Yredelemnul.
  5940 | D:8      | Reached skill level 13 in Polearms
  6074 | D:8      | Found a staircase to the Lair.
  6723 | D:9      | Found Dies's Gadget Gallery.
  6858 | D:9      | Found a staircase to the Orcish Mines.
  6866 | D:9      | Noticed a two-headed ogre
  6873 | D:9      | Killed a two-headed ogre
  6874 | D:9      | Reached skill level 10 in Dodging
  6874 | D:9      | Reached XP level 11. HP: 86/86 MP: 11/11
  7225 | D:9      | Identified the +0 robe of Wu Jian's Castigation {rElec rC+
                  | Str+8 Stlth-}
  7577 | Lair:1   | Entered Level 1 of the Lair of Beasts
  7577 | Lair:1   | Noticed Amaemon
  7636 | D:8      | Killed Amaemon
  7637 | D:8      | Reached skill level 14 in Polearms
  8679 | Lair:2   | Noticed a skyshark
  8707 | Lair:1   | Killed a skyshark
  8708 | Lair:1   | Reached skill level 15 in Polearms
  8898 | Lair:2   | Reached XP level 12. HP: 37/95 MP: 12/12
  8954 | Lair:2   | Found a staircase to the Snake Pit.
  8968 | Lair:2   | Found a gate leading to a gauntlet.
  8969 | Lair:2   | Noticed an ice dragon
  8971 | Lair:2   | Noticed Juicyj's ghost (journeyman FoGl)
  9256 | Lair:2   | Found a runed translucent gate.
  9257 | Lair:2   | Found a runed translucent gate.
  9258 | Lair:2   | Found a runed translucent gate.
  9420 | Lair:2   | Found a staircase to the Swamp.
  9776 | Lair:3   | Found a shimmering altar of Xom.
 10192 | Lair:3   | Reached skill level 16 in Polearms
 10242 | Lair:3   | Noticed Nergalle
 10252 | Lair:3   | Killed Nergalle
 10781 | Lair:4   | Reached skill level 5 in Armour
 10923 | Lair:4   | Learned a level 3 spell: Ignite Poison
 11079 | Lair:4   | Reached skill level 10 in Fighting
 11079 | Lair:4   | Reached skill level 1 in Transmutations
 11084 | Lair:4   | Reached skill level 1 in Spellcasting
 11084 | Lair:4   | Reached skill level 1 in Poison Magic
 11311 | Lair:5   | Entered Level 5 of the Lair of Beasts
 11482 | Lair:5   | Noticed a five-headed hydra
 11636 | Lair:5   | Reached XP level 13. HP: 88/103 MP: 15/15
 11813 | Orc:1    | Entered Level 1 of the Orcish Mines
 11821 | Orc:1    | Noticed Gastronok
 11841 | Orc:1    | Killed Gastronok
 12148 | Orc:1    | Noticed Urug
 12189 | Orc:1    | Killed Urug
 12280 | Orc:1    | Found Xus Elir's Book Emporium.
 12359 | Orc:1    | Noticed Jorgrun
 12395 | Orc:1    | Killed Jorgrun
 12741 | Orc:2    | Entered Level 2 of the Orcish Mines
 12807 | Orc:2    | Noticed Azrael
 13157 | Orc:2    | Reached skill level 5 in Transmutations
 13566 | Orc:1    | Reached skill level 1 in Evocations
 13591 | Orc:1    | Killed from afar by Azrael

Illustrated notes

Levels and vault maps discovered:
D:1:      minmay_arrival_cross, layout_basic, amcnicky_mini_corridor_feature,
          hangedman_decor_peaks_small, minmay_pentomino_v4
D:2:      layout_loops_ring, basic_altar, hellmonk_ecumenical_altar_heavens_door
D:3:      layout_basic, grunt_temple_overflow_order_and_chaos_1,
          skrybe_limestone_x, kennysheep_generic_room_6, uniq_natasha
D:4:      layout_basic, overflow_temple_1_default, nicolae_ossuary_entry_ruins,
          uniq_sigmund
D:5:      layout_rooms, mainiacjoe_overflow_six_doors_small,
          amethyst_overflow_temple_binary, minmay_pentangle, uniq_eustachio,
          uniq_duvessa
D:6:      minmay_clustersquares, layout_basic, hangedman_abyss_or_decor_stagger,
          uniq_prince_ribbit1
D:7:      layout_cave_pools, mainiacjoe_overflow_alcove_2, temple_doors_cd,
          wad_floor_pattern_untrapped, chequers_serial_rivers_marsh
D:8:      layout_basic, nicolae_yredelemnul_corpse_copse, lair_entry_dummy,
          uniq_psyche
D:9:      layout_irregular_city, david_orc_5, nicolae_shop_gadgets
Temple:   eino_narrow_crystal_temple
Lair:1:   layout_cave_pods, serial_bayou_shore_b, uniq_amaemon
Lair:2:   layout_chaotic_city, nicolae_swamp_entry_splash_gauntlet,
          minmay_snake_entry_guardpost_medium, gauntlet_entry_generic,
          gammafunk_ghost_icy, infiniplex_staircase_pool_2
Lair:3:   layout_loops_ring, basic_altar, minmay_stone_trees_medium,
          grunt_megastairs_4, serial_bayou_shore_a, infiniplex_staircase_pool,
          uniq_nergalle
Lair:4:   layout_roguey
Lair:5:   hellmonk_lair_end_abyssal_woods, layout_gridlike, slime_entry_1,
          grunt_megastairs_3
Orc:1:    layout_diamond_mine, serial_shops, shop, uniq_urug, uniq_jorgrun,
          uniq_gastronok
Orc:2:    st_orc_mages, layout_caves, basic_altar, ebering_ghost_inner_flame,
          uniq_azrael

Skill      XL: |  1  2  3  4  5  6  7  8  9 10 11 12 13 |
---------------+----------------------------------------+-----
Polearms       | 5 6 7 8 10 11 13 15 16 | 16.0
Fighting       | 3 4 5 7 8 9 10 | 10.7
Dodging        | 5 6 7 9 10 11 12 13 | 13.2
Throwing       | 3 4 5 6 7 8 9 |  9.6
Armour         | 1 3 4 5 |  5.8
Transmutations | 3 5 |  5.4
Spellcasting   | 1 3 |  3.2
Poison Magic   | 2 4 |  4.5
Evocations     | 1 |  1.0

Action                     |  1- 3 |  4- 6 |  7- 9 | 10-12 | 13-15 || total
---------------------------+-------+-------+-------+-------+-------++-------
  Melee: Trident           |   103 |   112 |       |       |       ||   215
         Punch             |       |     2 |       |       |       ||     2
         Halberd           |       |    36 |   278 |   765 |   261 ||  1340
         Tailslap          |       |       |       |     2 |       ||     2
  Throw: Throwing net      |       |       |       |       |     3 ||     3
         Boomerang         |       |       |       |       |     2 ||     2
         Javelin           |       |       |       |       |     1 ||     1
   Cast: Ignite Poison     |       |       |       |     1 |       ||     1
  Evoke: Wand              |       |       |     6 |     4 |    11 ||    21
    Use: Scroll            |       |     9 |     5 |    17 |     6 ||    37
         Potion            |       |     1 |     3 |     4 |     8 ||    16
   Stab: Sleeping          |     3 |       |       |       |       ||     3
         Distracted        |       |       |       |     2 |     1 ||     3
         Held in net/web   |       |       |       |       |     2 ||     2
 Armour: Leather armour    |    32 |    38 |       |   191 |    11 ||   272
         Scale mail        |       |    26 |   122 |       |    67 ||   215
         Chain mail        |       |       |    56 |    54 |       ||   110
  Dodge: Dodged            |    74 |   110 |   192 |   835 |   224 ||  1435

Table legend: (Time is in decaauts)
 A = Elapsed time spent in this place.
 B = Non-inter-level travel time spent in this place.
 C = Inter-level travel time spent in this place.
 D = Time resting spent in this place.
 E = Time spent auto-exploring this place.
 F = Levels seen in this place.
 G = Mean time per level.
                   A        B        C        D        E       F      G
               +--------+--------+--------+--------+--------+-----+--------+
         Total |  13394 |  12507 |    887 |   1179 |   7458 |  18 |  744.1 |
       Dungeon |   7463 |   6917 |    546 |    292 |   4656 |   9 |  829.2 |
        Temple |     12 |     12 |      0 |      0 |      0 |   1 |   12.0 |
          Lair |   3994 |   3868 |    126 |    422 |   2325 |   5 |  798.8 |
  Orcish Mines |   1716 |   1503 |    213 |    461 |    407 |   2 |  858.0 |
       Ossuary |    207 |    207 |      0 |      4 |     69 |   1 |  207.0 |
               +--------+--------+--------+--------+--------+-----+--------+

Top non-repeatable levels by time:
   Orc:1: 1551 daAuts
     D:6: 1387 daAuts
     D:8: 1032 daAuts
  Lair:2: 1028 daAuts
  Lair:3: 1015 daAuts
  Lair:1: 965 daAuts
     D:9: 862 daAuts
     D:1: 771 daAuts
     D:5: 753 daAuts
     D:4: 711 daAuts
     D:2: 708 daAuts
  Lair:4: 690 daAuts
     D:7: 649 daAuts
     D:3: 586 daAuts
  Lair:5: 295 daAuts
